 Dungeon Crawl Stone Soup version 0.26-a0-812-g31a745ddcd (webtiles) character file.

Game seed: 3773315498655971843

399 Dracia the Conjurer (level 6, -2/67 HPs)
             Began as a Draconian Conjurer on Dec 7, 2020.
             Succumbed to a scorpion's poison
             ... on level 4 of the Dungeon.
             The game lasted 00:06:29 (4781 turns).

Dracia the Conjurer (Draconian Conjurer)            Turns: 4781, Time: 00:06:30

Health: -2/67      AC: 23    Str:  9    XL:     6   Next: 54%
Magic:  11/13      EV:  2    Int: 21    God:
Gold:   85         SH:  0    Dex: -1 (9) Spells: 4/14 levels left

rFire    . . .     SeeInvis .   c - +1 whip (vamp)
rCold    . . .     Faith    .   (no shield)
rNeg     + + +     Spirit   .   (armour unavailable)
rPois    +         Reflect  .   (helmet currently unavailable)
rElec    .         Harm     .   (cloak currently unavailable)
rCorr    .         Rampage  .   (gloves currently unavailable)
MR       .....     NoTele   +   (boots currently unavailable)
Stlth    ..........             (no amulet)
HPRegen  0.21/turn              N - ring of positive energy
MPRegen  0.13/turn              (no ring)

@: lethally poisoned (-2 -> -21), tree-form, slowed, lost dexterity, very slow
A: unfitting armour, AC +6
a: no special abilities


You were on level 4 of the Dungeon.
You were a tree.
You visited 1 branch of the dungeon, and saw 4 of its levels.

You collected 85 gold pieces.


Innate Abilities, Weirdness & Mutations

((Your plain brown scales are hard. (AC +6)))
You cannot fit into any form of body armour.
((You are cold-blooded and may be slowed by cold attacks.))


   Skills:
 - Level 1.7 Dodging
 - Level 1.7 Stealth
 + Level 4.7 Spellcasting
 + Level 6.3 Conjurations


You had 4 spell levels left.
You knew the following spells:

 Your Spells              Type           Power        Failure   Level
d - Dazzling Flash        Conj/Hex       ###...       9%          3
f - Fulminant Prism       Conj/Hex       ###.......   30%         4
s - Searing Ray           Conj           ####..       1%          2
z - Magic Dart            Conj           ####         1%          1

Your spell library contained the following spells:

 Spells                   Type           Power        Failure   Level
 Iskenderun's Mystic Bla  Conj/Tloc      ###.....     30%         4

Inventory:

Hand Weapons
 c - a +1 vampiric whip (weapon)
 i - a +0 club
 j - a +1 dagger
Jewellery
 k - a cursed ring of attention {unknown}
 N - a ring of positive energy (left branch)
Scrolls
 a - 6 scrolls of identify {@r1@r1}
 b - a scroll of amnesia {unknown}
 d - 4 scrolls of fear
 f - 2 scrolls of remove curse {@r2@r2}
 h - a scroll of noise {unknown}
Potions
 g - a potion of might

Dungeon Overview and Level Annotations

Branches:
Dungeon (4/15)
 Temple: D:4-7

Altars:
Ru

###.. .... ...
#... .. . #...
..... #..# .#.#
..#....# #s#..#
#♣...#
#######....#..
#..........)...
#.#.##.#####.##
#.#.# # ## #..#
#.## ##.#
####.###..#####.##
#.....#.#.........


You could see a scorpion.


Message History

You closely miss the scorpion.
The scorpion is severely wounded.
* * * LOW HITPOINT WARNING * * *
You feel very sick. The scorpion stings you.
* * * LOW HITPOINT WARNING * * *
The scorpion stings you.
* * * LOW HITPOINT WARNING * * *
You are more poisoned.
The scorpion poisons you!
You hit the scorpion but do no damage.
The scorpion is severely wounded.
* * * LOW HITPOINT WARNING * * *
You feel very sick.
The scorpion stings you but does no damage. x2
You closely miss the scorpion.
The scorpion is severely wounded.
* * * LOW HITPOINT WARNING * * *
You feel very sick.
The scorpion stings you but does no damage.
You barely miss the scorpion.
The scorpion is severely wounded.
* * * LOW HITPOINT WARNING * * *
You feel very sick. The scorpion stings you.
* * * LOW HITPOINT WARNING * * *
The scorpion stings you but does no damage.
You barely miss the scorpion.
The scorpion is severely wounded.
You die...

Skill      XL: |  1  2  3  4  5  6 |
---------------+-------------------+-----
Spellcasting   | 3 4 |  4.7
Conjurations   | 5 6 |  6.3
Dodging        | |  1.7
Stealth        | |  1.7

Action                   |  1- 3 |  4- 6 || total
-------------------------+-------+-------++-------
Melee: Unarmed           |    43 |       ||    43
       Tailslap          |     3 |     3 ||     6
       Club              |     2 |       ||     2
       Dagger            |       |    97 ||    97
       Whip              |       |    61 ||    61
 Cast: Magic Dart        |    65 |    77 ||   142
  Use: Scroll            |       |     9 ||     9
       Potion            |       |     2 ||     2
 Stab: Invisible         |       |     1 ||     1
       Sleeping          |       |     1 ||     1
Armor: Skin              |    11 |   127 ||   138
Dodge: Dodged            |    33 |   138 ||   171

Levels and vault maps discovered:
D:1:      shiori_shiawase, layout_basic, serial_corexii_hall,
          corexii_hall_statues_x, corexii_hall_statues_deadend, st_stairs_7,
          nrook_uturn, minmay_tree_intersection, moated_statue, minmay_unequal
D:2:      layout_basic, nicolae_ru_great_annihilating_truth, uniq_natasha
D:3:      layout_rooms
D:4:      layout_loops_cross, yredelemnul_altar_generic, columned_hall_lemuel,
          hangedman_decor_diamond_cutter, hangedman_decor_clover_reticule,
          minmay_misc_feat_columns, grunt_dithmenos_shadows

Notes
Turn   | Place    | Note
-------+----------+-------------------------------------------
     0 | D:1      | Dracia the Draconian Conjurer began the quest for the Orb.
     0 | D:1      | Reached XP level 1. HP: 14/14 MP: 3/3
   249 | D:1      | Reached XP level 2. HP: 14/20 MP: 1/5
  1096 | D:1      | Reached XP level 3. HP: 26/26 MP: 1/7
  2074 | D:2      | Noticed Natasha
  2078 | D:2      | Killed Natasha
  2078 | D:2      | Reached skill level 3 in Spellcasting
  2078 | D:2      | Reached XP level 4. HP: 33/33 MP: 3/8
  2299 | D:2      | Reached skill level 5 in Conjurations
  2520 | D:2      | Learned a level 2 spell: Searing Ray
  2524 | D:2      | Learned a level 3 spell: Dazzling Flash
  2534 | D:2      | Found a sacrificial altar of Ru.
  2797 | D:2      | Noticed Natasha
  2803 | D:2      | Killed Natasha
  2803 | D:2      | Reached XP level 5. HP: 38/38 MP: 3/10
  3091 | D:2      | Noticed Natasha
  3105 | D:2      | Killed Natasha
  3334 | D:2      | Reached skill level 4 in Spellcasting
  3627 | D:2      | Reached XP level 6. HP: 16/45 MP: 7/12
  4054 | D:3      | Lost dexterity.
  4062 | D:3      | Reached skill level 6 in Conjurations
  4634 | D:4      | Learned a level 4 spell: Fulminant Prism
  4779 | D:4      | HP: 5/67 [poisoned by a scorpion]
  4780 | D:4      | HP: 1/67 [scorpion (2)]
  4781 | D:4      | Succumbed to a scorpion's poison

Vanquished Creatures
  A howler monkey (D:4)
  A quasit (D:3)
  A hound (D:4)
  2 orc priests (D:3)
  An orc wizard (D:2)
  Natasha (thrice) (D:2)
  2 adders (D:2)
  3 gnolls
  An ufetubus (D:4)
  2 worms
  7 dart slugs
  8 orcs
  2 giant cockroaches (D:2)
  9 goblins
  8 hobgoblins
  3 jackals (D:1)
  3 kobolds
  3 quokkas
  3 ball pythons
  6 bats
  3 frilled lizards
  9 rats
81 creatures vanquished.

Table legend: (Time is in decaauts)
 A = Elapsed time spent in this place.
 B = Non-inter-level travel time spent in this place.
 C = Inter-level travel time spent in this place.
 D = Time resting spent in this place.
 E = Time spent auto-exploring this place.
 F = Levels seen in this place.
 G = Mean time per level.
                   A        B        C        D        E       F      G
               +--------+--------+--------+--------+--------+-----+--------+
         Total |   5161 |   4880 |    281 |   1566 |   2678 |   4 | 1290.2 |
       Dungeon |   5161 |   4880 |    281 |   1566 |   2678 |   4 | 1290.2 |
               +--------+--------+--------+--------+--------+-----+--------+

Top non-repeatable levels by time:
     D:1: 1983 daAuts
     D:2: 1706 daAuts
     D:3: 895 daAuts
     D:4: 575 daAuts

Table legend:
 A = Non-vault XP
 B = Vault XP
 C = Vault XP percentage of total XP
 D = Non-vault monster count
 E = Vault monster count
 F = Vault count percentage of total count
                 A         B        C        D         E       F
            +---------+---------+-------+---------+---------+-------
      Total |     487 |      84 |  14.7 |      73 |       8 |   9.9
            +---------+---------+-------+---------+---------+-------
        D:1 |      54 |       4 |   6.9 |      24 |       3 |  11.1
        D:2 |     154 |      80 |  34.2 |      28 |       5 |  15.2
        D:3 |     177 |       0 |   0.0 |      17 |       0 |   0.0
        D:4 |     102 |       0 |   0.0 |       4 |       0 |   0.0
            +---------+---------+-------+---------+---------+-------
